 Dungeon Sprint DCSS version 0.30-a0-930-gb9d0489357 (webtiles) character file.

Game seed: 6144748869899529452

185 testman the Grappler (level 5, -1/62 HPs)
             Began as a Troll Monk on Mar 23, 2023.
             Was a Believer of Jiyva.
             Slain by a troll (4 damage)
             ... in the Dungeon (Sprint IX: "|||||||||||||||||||||||||||||").
             The game lasted 00:02:08 (118 turns).

testman the Grappler (Troll Monk)                    Turns: 118, Time: 00:02:09

Health: -1/62      AC:  4    Str: 24    XL:     5   Next: 37%
Magic:  4/4        EV: 10    Int:  6    God:    Jiyva [**....]
Gold:   0          SH:  0    Dex: 15    Spells: 4/4 levels left

rFire   . . .      SeeInvis .      - Unarmed
rCold   . . .      Faith    .    (no shield)
rNeg    . . .      Spirit   .    a - +0 robe
rPois   .          Reflect  .    (helmet restricted)
rElec   .          Rampage  .    (no cloak)
rCorr   +          NoTele   +    (gloves unavailable)
Will    .....                    (boots unavailable)
Stlth   ++                       (no amulet)
HPRegen 2.06/turn                k - +3 ring of dexterity
MPRegen 0.39/turn                l - +3 ring of strength

@: no status effects
A: large, unfitting armour, claws 3, regeneration 1, shaggy fur 1, tough skin 1
a: Renounce Religion


You were in the Dungeon.
You worshipped Jiyva.
Jiyva was pleased with you.
You visited 1 branch

Inventory:

Armour
 a - a +0 robe (worn)
Jewellery
 k - a +3 ring of dexterity (left claw)
 l - a +3 ring of strength (right claw)
Wands
 j - a wand of roots (9)
Scrolls
 h - 2 scrolls of blinking
 i - 2 scrolls of amnesia
Potions
 b - a potion of ambrosia
 c - 5 potions of curing
 d - 2 potions of heal wounds
 e - a potion of haste
 f - 4 potions of magic
 g - a potion of invisibility


   Skills:
 + Level 7.0 Fighting
 + Level 2.4 Dodging
 - Level 1.0 Stealth
 + Level 8.4 Unarmed Combat


You had 4 spell levels left.
You didn't know any spells.
Your spell library was empty.

Dungeon Overview and Level Annotations

Branches:
Dungeon (1/1)

Altars:
Cheibriados
Dithmenos
Elyvilon
Fedhas
Gozag
Hepliaklqana
Kikubaaqudgha
Makhleb
Nemelex Xobeh
Okawaru
Qazlal
Ru
Sif Muna
Trog
Uskayaw
Vehumet
Wu Jian
Xom
Yredelemnul
Zin
The Shining One
Jiyva
Lugonu


Innate Abilities, Weirdness & Mutations

You are too large for most types of armour.
You have claws for hands.
Your natural rate of healing is unusually fast.
You are covered in fur. (AC +1)
You have tough skin. (AC +1)


Message History

l - a +3 ring of strength (right claw)
You open the door.
An acid dragon, a centaur, a two-headed ogre, a yak, a hornet and a troll come into view.
The acid dragon roars!
The two-headed ogre shouts in stereo!
The yak bellows!
The troll shouts!
The hornet buzzes angrily.
Okay, then.
The centaur shouts!
You claw the troll!
The troll is moderately wounded.
You scratch the troll.
The troll is heavily wounded.
The troll bites you. The troll barely misses you. The troll claws you.
You scratch the troll.
The troll is heavily wounded.
The troll bites you. The troll claws you! x2
You claw the troll!
The troll is severely wounded.
The troll bites you!
* * * LOW HITPOINT WARNING * * *
The troll claws you!
* * * LOW HITPOINT WARNING * * *
The troll claws you.
* * * LOW HITPOINT WARNING * * *
You feel much better. The troll bites you! The troll claws you!
* * * LOW HITPOINT WARNING * * *
The troll claws you.
* * * LOW HITPOINT WARNING * * *
Okay, then.
Aiming: Fastroot
Press: ? - help, Shift-Dir - straight line, f - hornet
Aim: a hornet The roots erupt in riotous growth!
Roots grab the troll.
Roots grab the hornet.
The grasping roots constrict the hornet.
The grasping roots constrict the troll.
The troll bites you.
* * * LOW HITPOINT WARNING * * *
The troll claws you!
* * * LOW HITPOINT WARNING * * *
The troll claws you.
You die...

▓.▓
▓D▓
▓c▓
▓O▓
▓Y▓
▓y▓
▓T▓
▓@▓
▓.▓
▓[▓
▓[▓
▓[▓
▓.▓
▓)▓
▓.▓
▓.▓


You could see a two-headed ogre, a yak, a troll (rooted), a hornet (rooted), an
acid dragon and a centaur.

Vanquished Creatures
  A phantom (D)
  A howler monkey (D)
  An iguana (D)
  An orc wizard (D)
  An adder (D)
  An endoplasm (D)
  A ball python (D)
  2 goblins (D)
  A rat (D)
10 creatures vanquished.

Vanquished Creatures (others)
  4 great orbs of eyes (D)
  A moth of wrath (shapeshifter) (D)
  A yaktaur (D)
  A slime creature (D)
7 creatures vanquished.

Grand Total: 17 creatures vanquished

Notes
Turn   | Place    | Note
-------+----------+-------------------------------------------
     0 | D        | testman the Troll Monk began the quest for the Orb.
     0 | D        | Reached XP level 1. HP: 22/22 MP: 0/0
    19 | D        | Noticed an iguana
    19 | D        | Noticed a howler monkey
    19 | D        | Noticed a phantom
    19 | D        | Noticed an orc wizard
    33 | D        | Killed an orc wizard
    34 | D        | Reached skill level 5 in Unarmed Combat
    34 | D        | Reached XP level 2. HP: 24/32 MP: 1/1
    34 | D        | Reached XP level 3. HP: 30/39 MP: 2/2
    41 | D        | Killed a phantom
    42 | D        | Reached skill level 5 in Fighting
    42 | D        | Reached skill level 7 in Unarmed Combat
    42 | D        | Reached XP level 4. HP: 39/52 MP: 3/3
    45 | D        | Reached XP level 5. HP: 44/61 MP: 4/4
    46 | D        | Reached skill level 8 in Unarmed Combat
    57 | D        | Found a snail-covered altar of Cheibriados.
    57 | D        | Found a shadowy altar of Dithmenos.
    57 | D        | Found a white marble altar of Elyvilon.
    57 | D        | Found a blossoming altar of Fedhas.
    57 | D        | Found an opulent altar of Gozag.
    58 | D        | Found a hazy altar of Hepliaklqana.
    59 | D        | Found a viscous altar of Jiyva.
    60 | D        | Found an ancient bone altar of Kikubaaqudgha.
    61 | D        | Found a corrupted altar of Lugonu.
    62 | D        | Found a burning altar of Makhleb.
    63 | D        | Found a sparkling altar of Nemelex Xobeh.
    64 | D        | Found an iron altar of Okawaru.
    65 | D        | Found a stormy altar of Qazlal.
    66 | D        | Found a sacrificial altar of Ru.
    67 | D        | Found a shimmering blue altar of Sif Muna.
    68 | D        | Found a bloodstained altar of Trog.
    69 | D        | Found a hide-covered altar of Uskayaw.
    70 | D        | Found a radiant altar of Vehumet.
    71 | D        | Found an ornate altar of the Wu Jian Council.
    77 | D        | Became a worshipper of Jiyva Juirorei the Shapeless
    77 | D        | Reached * piety under Jiyva
    77 | D        | Reached ** piety under Jiyva
    77 | D        | Killed a yaktaur
    79 | D        | Killed a great orb of eyes
    80 | D        | Killed a slime creature
    81 | D        | Killed a great orb of eyes
    81 | D        | Killed a moth of wrath
    82 | D        | Killed a great orb of eyes
    82 | D        | Killed a great orb of eyes
    83 | D        | Found a shimmering altar of Xom.
    84 | D        | Found a basalt altar of Yredelemnul.
    85 | D        | Found a glowing silver altar of Zin.
    86 | D        | Found a glowing golden altar of the Shining One.
   112 | D        | Noticed an acid dragon
   112 | D        | Noticed a centaur
   112 | D        | Noticed a two-headed ogre
   112 | D        | Noticed a yak
   112 | D        | Noticed a hornet
   112 | D        | Noticed a troll
   118 | D        | HP: 3/62 [troll (7)]
   118 | D        | Slain by a troll

Illustrated notes

Levels and vault maps discovered:
D:        linesprint [early_d, line_temple, items_1, d_10, items_2, lair_1,
          lair_end, items_3, orc_1, orc_end, items_4, d_15, swamp_1, shoals_1,
          snake_1, spider_1, d_20, vaults_1, items_5, swamp_end, shoals_end,
          snake_end, spider_end, vaults_end, d_27, items_6, zot_1, zot_end,
          crypt_end, forest_end, elf_end, slime_end, tomb_end, abyss_end,
          pan_hell_end]

Skill      XL: |  1  2  3  4  5 |
---------------+----------------+-----
Fighting       | 4 5 6 7 |  7.0
Unarmed Combat | 5 7 8 |  8.4
Dodging        | |  2.4
Stealth        | |  1.0

Action                     |  1- 3 |  4- 6 || total
---------------------------+-------+-------++-------
  Melee: Unarmed           |    28 |    14 ||    42
  Evoke: Wand              |       |     1 ||     1
    Use: Potion            |     1 |     1 ||     2
 Armour: Robe              |     6 |     1 ||     7
  Dodge: Dodged            |     6 |     4 ||    10

Table legend: (Time is in decaauts)
 A = Elapsed time spent in this place.
 B = Non-inter-level travel time spent in this place.
 C = Inter-level travel time spent in this place.
 D = Time resting spent in this place.
 E = Time spent auto-exploring this place.
 F = Levels seen in this place.
 G = Mean time per level.
                   A        B        C        D        E       F      G
               +--------+--------+--------+--------+--------+-----+--------+
         Total |    124 |    124 |      0 |      0 |      0 |   1 |  124.0 |
       Dungeon |    124 |    124 |      0 |      0 |      0 |   1 |  124.0 |
               +--------+--------+--------+--------+--------+-----+--------+

Top non-repeatable levels by time:
       D: 124 daAuts
